 Dungeon Crawl Stone Soup version 0.30.1-9-gdf580d7c3d (webtiles) character file.

Game seed: 9620893576034954709

300 7w4c the Covert (level 6, -9/46 HPs)
             Began as a Vampire Brigand on Oct 18, 2023.
             Was a Believer of Fedhas.
             Mangled by Menkaure (19 damage)
             ... on level 4 of the Dungeon.
             The game lasted 00:08:27 (2786 turns).

7w4c the Covert (Vampire Brigand)                   Turns: 2786, Time: 00:08:27

Health: -9/46      AC:  6    Str: 10    XL:     6   Next: 13%
Magic:  6/6        EV: 13    Int: 19    God:    Fedhas [**....]
Gold:   207        SH:  0    Dex: 18    Spells: 5/5 levels left

rFire   . . .        j - +0 rapier (spect)
rCold   . . .        (no shield)
rNeg    . . .        b - +0 robe
rPois   .            (no helmet)
rElec   .            c - +0 cloak
rCorr   .            g - +2 pair of gloves
SInv    +            (no boots)
Will    .....        (no amulet)
Stlth   ++++         h - +6 ring of intelligence
HPRegen 0.47/turn    i - ring of wizardry
MPRegen 0.10/turn

%: wizardry (x1)
@: healing quickly
A: alive, fangs 3, see invisible, vampiric 2
a: Exsanguinate, Renounce Religion, Wall of Briars


You were on level 4 of the Dungeon.
You worshipped Fedhas.
Fedhas was pleased with you.
You visited 1 branch of the dungeon, and saw 4 of its levels.

You collected 207 gold pieces.

Inventory:

Hand Weapons
 j - a +0 spectral rapier (weapon)
Missiles
 d - 11 poisoned darts (quivered)
 e - 3 curare-tipped darts
Armour
 b - a +0 robe (worn)
 c - a +0 cloak (worn)
 g - a +2 pair of gloves (worn)
Jewellery
 h - a +6 ring of intelligence (left hand)
 i - a ring of wizardry (right hand)
Scrolls
 f - a scroll of vulnerability
 t - a scroll of acquirement {unknown}
 v - a scroll of magic mapping {unknown}
Potions
 k - a potion of degeneration {unknown}
 n - 2 potions of heal wounds {unknown}
 o - a potion of cancellation {unknown}
 p - a potion of haste {unknown}
 q - a potion of flight {unknown}
 r - 3 potions of lignification {unknown}
 s - a potion of invisibility {unknown}
 u - a potion of might {unknown}
 w - a potion of magic {unknown}


   Skills:
 + Level 2.8 Fighting
 + Level 4.0 Short Blades
 + Level 1.6 Throwing
 + Level 3.0 Dodging
 + Level 8.5 Stealth


You had 5 spell levels left.
You didn't know any spells.
Your spell library contained the following spells:

 Spells                   Type           Power      Damage    Failure   Level
 Dazzling Flash           Conj/Hex       0%         N/A       24%         3
 Ignite Poison            Fire/Tmut/Pois 0%         N/A       24%         3
 Manifold Assault         Tloc           0%         N/A       58%         4
 Sticky Flame             Conj/Fire      0%         2d3       58%         4
 Agony                    Necr           0%         N/A       89%         5
 Silence                  Hex/Air        0%         N/A       89%         5
 Dispersal                Tloc           0%         N/A       100%        6
 Disjunction              Tloc           0%         N/A       100%        8
 Ignition                 Fire           0%         3d3       100%        8


Dungeon Overview and Level Annotations

Branches:
Dungeon (4/15)
 Temple: D:4-7

Altars:
Fedhas
Okawaru
Sif Muna

Shops:
D:1 (

Portals:
Sewer: D:3

Annotations:
D:4 1 runed translucent door, Crazy Yiuf, Menkaure


Innate Abilities, Weirdness & Mutations

Your natural rate of healing is accelerated.
You have razor-sharp teeth.
You have supernaturally acute eyesight. (SInv)
You are afflicted with vampirism and can become a bat while bloodless.


Message History

As you read the scroll of teleportation, it crumbles to dust.
You feel strangely unstable.
Your surroundings suddenly seem different.
Found a dagger, a +0 spectral rapier and a robe.
Found an iron altar of Okawaru.
There is an iron altar of Okawaru here.
You see here a +0 spectral rapier.
j - a +0 spectral rapier You feel a bond with your +0 spectral rapier.
j - a +0 spectral rapier (weapon)
You drop a +2 dagger.
You see here a +0 robe.
You open the door.
You see here a +2 dagger.
There is an iron altar of Okawaru here.
You see here a +2 dagger.
There is an open door here.
Menkaure is nearby!
Menkaure calls on the powers of darkness!
Your body is wracked with pain!
Menkaure calls on the powers of darkness!
The black bear convulses!
The black bear growls angrily.
Your body is wracked with pain!
* * * LOW HITPOINT WARNING * * *
Menkaure calls on the powers of darkness!
Your body is wracked with pain!
* * * LOW HITPOINT WARNING * * *
Menkaure sighs drily.
Menkaure casts a spell.
Menkaure seems to speed up.
Menkaure calls on the powers of darkness!
Your body is wracked with pain!
* * * LOW HITPOINT WARNING * * *
Menkaure calls on the powers of darkness!
Your body is wracked with pain!
* * * LOW HITPOINT WARNING * * *
Menkaure hits you!!
You die...
Fedhas appreciates your contribution to the ecosystem.

##...........####.#...#.#
#.#
...#######........)...#.#
#.#
##.#######..#.#...##.##.#
...
##.##.......#.....##....#
......#####.#........#..#
##.#### #.......##...##
######
#.......##..########
###..#
##...............M.#
.....#
#....@....#######.#
..)### #.#.##M##.# #.#
._.# #.#.##.##.### #.#
.)[### #........M..#
#...# .....#
###.###.....# ##.##
#'#..# ####.# #.....# #.#
#.#########....# #.....#
#M# #.........#.####
#.....##...h.
#########...#
########.##.#


You could see Menkaure (fast).

Vanquished Creatures
  An ogre (D:3)
  A scorpion (D:4)
  6 gnolls (D:2)
  3 adders (D:3)
  An ufetubus (D:4)
  2 worms (D:3)
  5 ball pythons
  6 endoplasms
  4 giant cockroaches
  7 hobgoblins
  3 quokkas
  7 bats
  7 frilled lizards
  8 goblins
  4 kobolds
  6 rats
71 creatures vanquished.

Notes
Turn   | Place    | Note
-------+----------+-------------------------------------------
     0 | D:1      | 7w4c the Vampire Brigand began the quest for the Orb.
     0 | D:1      | Reached XP level 1. HP: 16/16 MP: 1/1
    42 | D:1      | Reached skill level 6 in Stealth
    91 | D:1      | Reached XP level 2. HP: 21/22 MP: 2/2
   217 | D:1      | Found Qogg's Antique Weapon Shoppe.
   234 | D:1      | Found a faded altar of an unknown god.
   311 | D:1      | Prayed at the altar of an unknown god.
   311 | D:1      | Became a worshipper of Fedhas Madash
   311 | D:1      | Reached * piety under Fedhas
   722 | D:2      | Gained mutation: You are afflicted with vampirism and can
                  | become a bat while bloodless. [Vampire growth]
   722 | D:2      | Reached XP level 3. HP: 16/27 MP: 3/3
   766 | D:2      | Found a shimmering blue altar of Sif Muna.
   796 | D:2      | Reached skill level 7 in Stealth
   888 | D:2      | Reached XP level 4. HP: 8/33 MP: 4/4
  1055 | D:2      | Reached ** piety under Fedhas
  1651 | D:3      | Noticed an ogre
  1663 | D:3      | Killed an ogre
  1664 | D:3      | Reached skill level 8 in Stealth
  1664 | D:3      | Reached XP level 5. HP: 39/39 MP: 5/5
  1702 | D:3      | Found a glowing drain.
  2303 | D:4      | Noticed a black bear
  2323 | D:4      | Reached XP level 6. HP: 20/46 MP: 6/6
  2344 | D:4      | Found a runed translucent door.
  2344 | D:4      | Noticed Crazy Yiuf
  2622 | D:4      | Noticed Menkaure
  2636 | D:4      | Found an iron altar of Okawaru.
  2786 | D:4      | Mangled by Menkaure

Illustrated notes

Levels and vault maps discovered:
D:1:      evilmike_arrival_hilbert_curve, layout_rooms, serial_shops, shop,
          basic_ecumenical_altar
D:2:      layout_loops_ring, serial_forest, infiniplex_forest_lined_room_2,
          infiniplex_forest_clump_small, infiniplex_forest_lined_ring,
          infiniplex_forest_straight_3, infiniplex_forest_straight_4,
          infiniplex_forest_clump_curved, infiniplex_forest_split, basic_altar
D:3:      layout_basic, portal_sewer_entry_c, kennysheep_generic_room_13
D:4:      layout_loops_cross, hellmonk_okawaru_the_only_friend_you_need,
          uniq_menkaure, uniq_crazy_yiuf_cottage

Skill      XL: |  1  2  3  4  5  6 |
---------------+-------------------+-----
Stealth        | 6 7 8 |  8.5
Fighting       | 2 |  2.8
Dodging        | 2 3 |  3.0
Short Blades   | 3 4 |  4.0
Throwing       | |  1.6

Action                     |  1- 3 |  4- 6 || total
---------------------------+-------+-------++-------
  Melee: Dagger            |   117 |   144 ||   261
         Bite              |     7 |    12 ||    19
         Punch             |       |     3 ||     3
    Use: Scroll            |     1 |     7 ||     8
         Potion            |     1 |       ||     1
   Stab: Sleeping          |     5 |     8 ||    13
 Armour: Robe              |    43 |    53 ||    96
  Dodge: Dodged            |    88 |   106 ||   194
